 Dungeon Crawl Stone Soup version 0.30.0 (webtiles) character file.

Game seed: 4320403060408763672

185367 Kenran the Brawler (level 17, -5/169 (184) HPs)
             Began as a Troll Fighter on May 6, 2023.
             Was an Initiate of Gozag.
             Blown up by a cacodemon (34 damage)
             ... with a bolt of energy
             ... summoned by Asterion
             ... on level 3 of the Spider Nest.
             The game lasted 02:08:26 (38381 turns).

Kenran the Brawler (Troll Fighter)                 Turns: 38381, Time: 02:08:26

HP:   -5/169 (184)  AC: 11    Str: 32      XL:     17   Next: 81%
MP:   16/16         EV: 12    Int:  4      God:    Gozag
Gold: 2593          SH: 10    Dex: 10 (11) Spells: 16/16 levels left

rFire   + .          .
                       - Unarmed
rCold   + . .        b - +0 kite shield
rNeg    . . .        a - +1 robe {rC+ rF+}
rPois   +            M - +1 hat
rElec   .            J - +0 cloak
rCorr   .            (gloves unavailable)
SInv    .            (boots unavailable)
Will    +....        T - amulet of Vitality {RegenMP++ Regen++}
Stlth   ++           P - ring of poison resistance
HPRegen 2.88/turn    O - +4 ring of protection
MPRegen 0.95/turn

%: no passive effects
@: brilliant, on berserk cooldown, hasted, drained, very quick
A: large, unfitting armour, claws 3, regeneration 1, shaggy fur 1, tough skin 1
a: Renounce Religion, Potion Petition, Call Merchant, Bribe Branch


You were on level 3 of the Spider Nest.
You worshipped Gozag.
Gozag was most pleased with you.
You visited 7 branches of the dungeon, and saw 32 of its levels.
You visited the Abyss 1 time.

You collected 9665 gold pieces.
You spent 2003 gold pieces at shops.
You paid 5069 gold pieces to Gozag.


Innate Abilities, Weirdness & Mutations

You are too large for most types of armour.
You have claws for hands.
Your natural rate of healing is unusually fast.
You are covered in fur. (AC +1)
You have tough skin. (AC +1)


   Skills:
 - Level 15.0 Fighting
 - Level 10.0 Throwing
 - Level 6.0 Armour
 - Level 10.0 Dodging
 + Level 3.8 Stealth
 - Level 10.0 Shields
 - Level 18.0 Unarmed Combat
 - Level 6.0 Evocations


You had 16 spell levels left.
You didn't know any spells.
Your spell library contained the following spells:

 Spells                   Type           Power      Damage    Failure   Level
 Apportation              Tloc           0%         N/A       65%         1
 Necrotise                Necr           0%         1d4       65%         1
 Summon Small Mammal      Summ           0%         N/A       65%         1
 Lesser Beckoning         Tloc           0%         N/A       78%         2
 Static Discharge         Conj/Air       0%         2-2/arc   78%         2
 Wereblood                Tmut           0%         N/A       78%         2
 Call Canine Familiar     Summ           0%         N/A       95%         3
 Frozen Ramparts          Ice            0%         1d1       95%         3
 Gell's Gravitas          Tloc           0%         N/A       95%         3
 Hailstorm                Conj/Ice       0%         3d3       95%         3
 Portal Projectile        Hex/Tloc       0%         N/A       95%         3
 Summon Guardian Golem    Hex/Summ       0%         N/A       95%         3
 Teleport Other           Tloc           0%         N/A       95%         3
 Tukima's Dance           Hex            0%         N/A       95%         3
 Anguish                  Hex/Necr       0%         N/A       100%        4
 Cause Fear               Hex            0%         N/A       100%        4
 Dispel Undead            Necr           0%         3d6       100%        4
 Ice Form                 Ice/Tmut       0%         N/A       100%        4
 Petrify                  Tmut/Erth      0%         N/A       100%        4
 Summon Ice Beast         Ice/Summ       0%         N/A       100%        4
 Alistair's Intoxication  Tmut/Pois      0%         N/A       100%        5
 Blade Hands              Tmut           0%         N/A       100%        5
 Irradiate                Conj/Tmut      0%         3d11      100%        5
 Metabolic Englaciation   Hex/Ice        0%         N/A       100%        5
 Summon Forest            Summ/Tloc      0%         N/A       100%        5
 Dispersal                Tloc           0%         N/A       100%        6
 Eringya's Noxious Bog    Tmut/Pois      0%         N/A       100%        6
 Statue Form              Tmut/Erth      0%         N/A       100%        6
 Enfeeble                 Hex            0%         N/A       100%        7
 Haunt                    Necr/Summ      0%         N/A       100%        7
 Ozocubu's Refrigeration  Ice            0%         4d7       100%        7
 Spellforged Servitor     Conj/Summ      0%         N/A       100%        7
 Summon Hydra             Summ           0%         N/A       100%        7
 Infestation              Necr           0%         N/A       100%        8
 Dragon's Call            Summ           0%         N/A       100%        9
 Polar Vortex             Ice            0%         N/A       100%        9
 Animate Dead             Necr           Unusable   N/A       N/A         4
 Simulacrum               Ice/Necr       Unusable   N/A       N/A         6

Inventory:

Missiles
 l - 8 javelins (quivered)
 t - 23 boomerangs
 u - 3 boomerangs of dispersal {=f!f}
 x - 36 poisoned darts
 F - 4 silver boomerangs
 H - 2 curare-tipped darts {=f}
 I - 47 large rocks {=f}
 R - 4 throwing nets {=f!f}
 Y - 6 atropa-tipped darts
Armour
 a - a +1 robe of resistance (worn)
   (You took it off Pikel on level 5 of the Dungeon)
 b - a +0 kite shield (worn)
 J - a +0 cloak (worn)
   (You found it on level 6 of the Dungeon)
 M - a +1 hat (worn)
   (You bought it in a shop on level 7 of the Dungeon)
Jewellery
 v - a ring of willpower
   (You found it on level 3 of the Dungeon)
 E - a +5 ring of evasion
   (You found it on level 5 of the Lair of Beasts)
 N - a ring of positive energy
   (You found it on level 3 of the Dungeon)
 O - a +4 ring of protection (right claw)
   (You found it on level 10 of the Dungeon)
 P - a ring of poison resistance (left claw)
   (You took it off a deep elf pyromancer on level 2 of the Elven Halls)
 T - the amulet of Vitality (around neck) {RegenMP++ Regen++}
   (You acquired it on level 2 of the Orcish Mines)

   [amulet of magic regeneration]

   It increases your rate of magic regeneration.
   Regen:     It increases your rate of health regeneration.
Wands
 e - a wand of iceblast (17)
   (You found it on level 14 of the Dungeon)
 f - a wand of quicksilver (7)
   (You found it on level 11 of the Dungeon)
 C - a wand of charming (20)
   (You found it on level 4 of the Dungeon)
 Q - a wand of polymorph (6)
   (You found it on level 9 of the Dungeon)
 V - a wand of digging (14)
   (You found it on level 1 of the Lair of Beasts)
 Z - a wand of flame (19)
   (You found it on level 5 of the Dungeon)
Scrolls
 d - 7 scrolls of poison {!r}
 h - 2 scrolls of fear
 i - 7 scrolls of teleportation {@r4}
 q - 4 scrolls of enchant armour
 w - 4 scrolls of fog
 K - a scroll of silence {!r}
 L - 16 scrolls of identify {@r1}
 U - 4 scrolls of immolation {!r!r}
 W - 2 scrolls of magic mapping {!r}
Potions
 c - 4 potions of attraction {!q}
 g - 5 potions of brilliance
 j - 4 potions of mutation {!q}
 k - 3 potions of ambrosia
 m - 7 potions of curing {@q1}
 n - 6 potions of flight
 o - 3 potions of lignification {!q}
 p - 7 potions of heal wounds {@q2}
 r - 3 potions of resistance
 s - 2 potions of berserk rage {!q}
 y - 2 potions of haste {@q3}
 z - a potion of cancellation
 D - 2 potions of magic
 S - 2 potions of invisibility
 X - 2 potions of might
Miscellaneous
 A - a phantom mirror
   (You found it on level 2 of the Shoals)
 B - a box of beasts (inert)
   (You found it on level 2 of the Lair of Beasts)
 G - a lightning rod (4/4)
   (You found it on level 1 of the Shoals)

Dungeon Overview and Level Annotations

Branches:
Dungeon (15/15) Zot: 25565  Temple (1/1) D:5 Zot: 5800    Lair (5/5) D:9 Zot: 20515
 Shoals (4/4) Lair:2 Zot: 20609  Spider (2/4) Lair:3 Zot: 15551   Slime (0/5) Lair:4
    Orc (2/2) D:9 Zot: 9649     Elf (2/3) Orc:2 Zot: 10192  Vaults (0/5) D:14
 Depths (0/4) D:15

Altars:
Ashenzari
Cheibriados
Dithmenos
Elyvilon
Fedhas
Gozag
Hepliaklqana
Kikubaaqudgha
Makhleb
Nemelex Xobeh
Okawaru
Qazlal
Ru
Sif Muna
Trog
Uskayaw
Vehumet
Wu Jian
Xom
Yredelemnul
Zin
The Shining One

Shops:
D:3 !   D:5 !   D:7 [   D:10 *   D:13 =[:=   Orc:2 ![?   Elf:1 *   Elf:2 *
Shoals:3 ?(

Annotations:
D:1 exclusion: downstairs
D:9 exclusion: downstairs
D:13 exclusion: downstairs
Shoals:3 2 transporters, exclusion: 3 downstairs, dogaso222's ghost, adept DsGl
Shoals:4 Polyphemus
Spider:3 Asterion
Elf:1 exclusion: downstairs
Elf:2 5 runed translucent doors, Opsifuid's ghost, journeyman BaBe

.# #..^,,,,* *,,**
.# #..#,,,,* ****
$# #..#*,,** .#
#..#**** .## #..#
..# ##$#* .## #H.#
.# #.(# B# #@.# .#
#H2# .# #..# .#
##..# .###### #...#
......#########..##
?$...............#
##################
*


You could see Asterion (fast, ally target), a cacodemon (summoned), a +1
spectral broad axe and a friendly juvenile shocksting beast (summoned).


Message History

You regained 2 hp, and now have 128/253 hp. 😮 HP[+2]
You regained 2 hp, and now have 130/253 hp.
You feel your anger nearly subside.
You are no longer berserk.
You are exhausted.
You feel yourself slow down. 😮 HP[-41]
You now have 169 max hp (-84). 😮 HP[+2]
You regained 2 hp, and now have 91/169 hp. 😮 HP[+3]
You regained 3 hp, and now have 94/169 hp. 😮 HP[+3]
You regained 3 hp, and now have 97/169 hp. 😮 HP[+3]
You regained 3 hp, and now have 100/169 hp. 😮 HP[+3]
You regained 3 hp, and now have 103/169 hp. 😮 HP[+3]
You regained 3 hp, and now have 106/169 hp. 😮 HP[+3]
You regained 3 hp, and now have 109/169 hp. 😮 HP[+3]
You regained 3 hp, and now have 112/169 hp. 😮 HP[+2]
You regained 2 hp, and now have 114/169 hp. 😮 HP[+3]
You regained 3 hp, and now have 117/169 hp. 😮 HP[+3]
You regained 3 hp, and now have 120/169 hp. 😮 HP[+3]
You regained 3 hp, and now have 123/169 hp. 😮 HP[+3]
You regained 3 hp, and now have 126/169 hp. 😕 HP[+3]
You regained 3 hp, and now have 129/169 hp. 😕 HP[+3]
You regained 3 hp, and now have 132/169 hp. 😕 HP[+3]
You regained 3 hp, and now have 135/169 hp. 😕 HP[+2]
You regained 2 hp, and now have 137/169 hp.
You see here 5 gold pieces. 😕 HP[+3]
You regained 3 hp, and now have 140/169 hp. 😕 HP[+3]
You regained 3 hp, and now have 143/169 hp. 😕 HP[+3]
You regained 3 hp, and now have 146/169 hp.
Asterion says, "Soon your soul will belong to Makhleb."
Asterion misses you. The +1 spectral broad axe hits you.
You block Asterion's attack. x2
You block the +1 spectral broad axe's attack.
Asterion gores you but does no damage.
A +1 spectral broad axe comes into view.
Asterion blocks your attack.
The +1 spectral broad axe hits you but does no damage.
Asterion hits you with a +1 spectral broad axe!!
The +1 spectral broad axe barely misses you.
Asterion gores you but does no damage.
You block the +1 spectral broad axe's attack. 😮 HP[-31]
You take 31 damage, and now have 115/169 hp.
Asterion blocks your attack.
Asterion utters an invocation to Makhleb. 😮 HP[+2]
You regained 2 hp, and now have 117/169 hp.
You eviscerate Asterion!!!
The +1 spectral broad axe disappears.
Asterion hits you with a +1 spectral broad axe!!
The +1 spectral broad axe closely misses you.
You block Asterion's attack.
A +1 spectral broad axe comes into view. 😮 HP[-30]
You take 30 damage, and now have 87/169 hp.
You open the lid... ...and a juvenile shocksting beast leaps out!
The box is emptied!
You feel yourself speed up. Asterion hits you but does no damage.
The +1 spectral broad axe closely misses you.
The +1 spectral broad axe hits your juvenile shocksting beast.
You block Asterion's attack. You block the cacodemon's attack.
The cacodemon hits you!
* * * LOW HITPOINT WARNING * * *
Asterion hits you with a +1 spectral broad axe!!!
* * * LOW HITPOINT WARNING * * *
The +1 spectral broad axe hits you!
* * * LOW HITPOINT WARNING * * *
Asterion gores you but does no damage. 😱 HP[-60]
You take 60 damage, and now have 27/169 hp.
MASSIVE DAMAGE!! (PAUSE)
Okay, then.
As you read the scroll of fear, it crumbles to dust.
You assume a fearsome visage.
Asterion easily resists.
The cacodemon resists with almost no effort.
The +1 spectral broad axe is unaffected.
The cacodemon gestures at you. The bolt of energy hits you!!
You die...

Skill      XL: |  1  2  3  4  5  6  7  8  9 10 11 12 13 14 15 16 17 |
---------------+----------------------------------------------------+-----
Unarmed Combat | 3 4 5 6 7 9 10 11 12 13 14 15 17 18 | 18.0
Throwing       | 2 3 5 7 8 10 | 10.0
Fighting       | 4 6 8 9 10 12 13 15 | 15.0
Evocations     | 2 3 5 6 |  6.0
Shields        | 3 4 5 7 8 10 | 10.0
Dodging        | 3 5 6 7 8 10 | 10.0
Armour         | 4 6 |  6.0
Stealth        | 3 |  3.8

Action                     |  1- 3 |  4- 6 |  7- 9 | 10-12 | 13-15 | 16-18 || total
---------------------------+-------+-------+-------+-------+-------+-------++-------
  Melee: Unarmed           |   119 |   182 |   261 |   613 |  1355 |  1078 ||  3608
  Throw: Dart              |       |       |     9 |     1 |    14 |       ||    24
         Large rock        |       |       |       |       |    27 |     4 ||    31
 Invoke: Call Merchant     |       |       |       |       |     3 |       ||     3
         Potion Petition   |       |       |       |       |     1 |     4 ||     5
  Evoke: Wand              |       |       |     7 |    25 |    12 |     3 ||    47
         Box of beasts     |       |       |       |       |       |     1 ||     1
    Use: Scroll            |     2 |     4 |     4 |    17 |     9 |     5 ||    41
         Potion            |       |     2 |       |     4 |     8 |     6 ||    20
   Stab: Sleeping          |       |     1 |     1 |     1 |     1 |     3 ||     7
         Distracted        |       |       |     1 |     4 |     2 |     6 ||    13
         Petrified         |       |       |       |     7 |       |       ||     7
         Paralysed         |       |       |       |       |       |     2 ||     2
 Armour: Robe              |    35 |    59 |    43 |   149 |   306 |   239 ||   831
         Skin              |       |       |       |     1 |       |    23 ||    24
  Dodge: Dodged            |    31 |    54 |    85 |   210 |   595 |   392 ||  1367
  Block: Kite shield       |    36 |    50 |    91 |   244 |   613 |   463 ||  1497

Levels and vault maps discovered:
D:1:      denvon_arrival_hothouse, layout_loops_ring, st_stairs_11,
          serial_bayou_lagoon_a
D:2:      minmay_spotlight, layout_loops_ring, grunt_decor_one_mirror,
          uniq_sigmund, uniq_robin
D:3:      layout_loops_ring, fedhas_altar_3, serial_shops,
          nicolae_shop_industrial_runoff, kennysheep_pointless_box,
          kennysheep_generic_room_4, uniq_jessica, uniq_crazy_yiuf_cottage
D:4:      layout_rooms, wad_floor_pattern_untrapped
D:5:      layout_rooms, minmay_temple_entry_hall, serial_shops, shop,
          minivault_11, uniq_pikel, uniq_eustachio
D:6:      layout_cave_pools, kennysheep_orc_sif_temple, uniq_duvessa
D:7:      layout_basic, overflow_temple_1_default, serial_shops,
          nicolae_shop_hallway_stairs, uniq_maggie, uniq_joseph
D:8:      layout_basic, uniq_psyche
D:9:      layout_gridville, okawaru_trees_1, erik_lair_island, orc_0_dummy,
          centaur_isle
D:10:     layout_stronghold, chequers_temple_overflow_statue_of_worship,
          serial_shops, shop
D:11:     layout_roguey
D:12:     layout_cave_pools, serial_demonic, serial_demonic_d, serial_demonic_c,
          serial_demonic_g, serial_demonic_g, uniq_fannar, uniq_azrael
D:13:     layout_layer_cave, serial_shops, nicolae_shop_pleasant_corner_grove,
          st_stairs_14, uniq_erolcha
D:14:     layout_irregular_city, david_vaults_5, serial_glass, glass_columns_a,
          glass_columns_b, glass_columns_a, glass_columns_b, glass_columns_a,
          glass_columns_b, item_on_display_a, grunt_dithmenos_smoke
D:15:     grunt_enter_depths_giant_problem, layout_basic, nicolae_titane
Temple:   nicolae_temple_elliptical
Lair:1:   dreamdust_isle_of_ice, layout_cave_pods
Lair:2:   layout_gridlike, nicolae_shoals_entry_flooding,
          pdpol_lair_cabin_in_the_woods
Lair:3:   layout_loops_ring, spider_nest_entry_web_field,
          gauntlet_entry_generic, basic_altar, grunt_megastairs_3
Lair:4:   layout_cave_pods, dpeg_slime_entry_corner, serial_rivers,
          chequers_serial_rivers_small_3, chequers_serial_rivers_large_b,
          chequers_serial_rivers_room_b, chequers_serial_rivers_micro_c,
          chequers_serial_rivers_room_a, ebering_ghost_rock_garden, uniq_nessos
Lair:5:   evilmike_catoblepas_cave, layout_small_grid, uniq_josephine, uniq_urug
Shoals:1: layout_shoals, uniq_aizul
Shoals:2: nicolae_shoals_aurelia_aurita, layout_shoals, hangedman_shoal_volcano
Shoals:3: layout_shoals, gammafunk_ghost_berserking_beasts, serial_shops,
          nicolae_stop_n_shop_2, nicolae_shop_firing_range
Shoals:4: shoals_end_hangedman, layout_shoals, nicolae_shoals_cliffside_cave,
          nicolae_shoals_goliath_grotto, uniq_louise, uniq_polyphemus
Spider:1: layout_spider_delve, uniq_kirke
Spider:2: layout_cave_pods, special_room [special_room_bee],
          nicolae_spider_acid_house
Spider:3: layout_cave_pods, gammafunk_ghost_cemetery, uniq_asterion
Orc:1:    layout_caves
Orc:2:    st_orc_pillars, layout_caves, basic_altar
Elf:1:    layout_loops_cross, serial_shops, nicolae_shop_waterfront,
          minmay_elf_demonology
Elf:2:    nicolae_elf_blades_crystal_corner, layout_geoelf_octagon,
          ebering_ghost_disaster_area, nicolae_concentric_dashed_squares_wild,
          nicolae_shop_clearance

Notes
Turn   | Place    | Note
-------+----------+-------------------------------------------
     0 | D:1      | Kenran the Troll Fighter began the quest for the Orb.
     0 | D:1      | Reached XP level 1. HP: 22/22 MP: 0/0
     0 | D:1      | magus.rc [v1.11.6]
    37 | D:1      | You add the spells Lesser Beckoning, Gell's Gravitas and
                  | Teleport Other to your library.
   159 | D:1      | Reached XP level 2. HP: 27/29 MP: 1/1
   183 | D:1      | Reached skill level 3 in Unarmed Combat
   428 | D:1      | Reached XP level 3. HP: 36/36 MP: 2/2
   676 | D:1      | Reached skill level 4 in Unarmed Combat
   800 | D:2      | Noticed Sigmund
   832 | D:2      | Noticed Robin
   851 | D:2      | Killed Robin
   852 | D:2      | Reached XP level 4. HP: 42/44 MP: 3/3
  1046 | D:2      | You add the spells Hailstorm, Ice Form and Simulacrum to
                  | your library.
  1238 | D:2      | Identified the +2 robe of Valour {+Blink Fly rElec rC-}
  1260 | D:2      | Reached skill level 5 in Unarmed Combat
  1532 | D:3      | Noticed Jessica
  1545 | D:3      | Killed Jessica
  1546 | D:3      | Reached XP level 5. HP: 47/50 MP: 4/4
  1561 | D:3      | Found a blossoming altar of Fedhas.
  1668 | D:3      | Found Nyzxig's Distillery.
  1758 | D:3      | Bought a potion of heal wounds for 55 gold pieces
  1758 | D:3      | Bought a potion of curing for 33 gold pieces
  2157 | D:3      | You fall into a shaft and drop 3 floors!
  2163 | D:6      | Noticed a water moccasin
  2170 | D:6      | Reached skill level 6 in Unarmed Combat
  2188 | D:6      | Reached XP level 6. HP: 25/59 MP: 5/5
  2235 | D:6      | Noticed an orc warrior
  2240 | D:6      | Killed an orc warrior
  2241 | D:6      | Reached skill level 7 in Unarmed Combat
  2245 | D:6      | Found a shimmering blue altar of Sif Muna.
  2261 | D:6      | Reached XP level 7. HP: 53/66 MP: 6/6
  2344 | D:6      | Reached skill level 8 in Unarmed Combat
  2393 | D:5      | Entered Level 5 of the Dungeon
  2459 | D:5      | Found Yzimocae's Distillery.
  2508 | D:4      | You add the spells Animate Dead, Dispel Undead and
                  | Dispersal to your library.
  2508 | D:4      | Got the Folio of Quantum Sciomancy
  2553 | D:4      | You add the spells Necrotise, Summon Small Mammal and
                  | Apportation to your library.
  2628 | D:3      | Found a runed translucent door.
  2629 | D:3      | Noticed Crazy Yiuf
  2733 | D:4      | Reached skill level 9 in Unarmed Combat
  3098 | D:5      | Noticed Eustachio
  3113 | D:4      | Killed Eustachio
  3114 | D:4      | Reached XP level 8. HP: 35/74 MP: 7/7
  3286 | D:5      | Found a staircase to the Ecumenical Temple.
  3292 | D:5      | Reached skill level 10 in Unarmed Combat
  3294 | Temple   | Entered the Ecumenical Temple
  3480 | Temple   | Became a worshipper of Gozag Ym Sagoz the Greedy
  3545 | D:5      | Reached skill level 1 in Throwing
  3567 | D:5      | Noticed Pikel
  3576 | D:5      | Killed Pikel
  3577 | D:5      | Reached skill level 2 in Throwing
  3577 | D:5      | Reached skill level 4 in Fighting
  3577 | D:5      | Reached skill level 2 in Evocations
  3624 | D:5      | You add the spells Call Canine Familiar and Summon Guardian
                  | Golem to your library.
  3858 | D:6      | Reached skill level 3 in Shields
  3939 | D:6      | Noticed Duvessa
  3939 | D:6      | Noticed Dowan
  3968 | D:6      | Killed Dowan
  4108 | D:6      | Reached XP level 9. HP: 85/85 MP: 8/8
  4343 | D:7      | Found a stormy altar of Qazlal.
  4485 | D:7      | Noticed Maggie
  4526 | D:7      | Killed Maggie
  4527 | D:7      | Reached skill level 5 in Fighting
  4636 | D:7      | Noticed Joseph
  4648 | D:7      | Killed Joseph
  4649 | D:7      | Reached skill level 11 in Unarmed Combat
  4715 | D:7      | Reached skill level 3 in Dodging
  4744 | D:7      | Found Ynoafyl's Antique Armour Shop.
  4752 | D:7      | Bought a glowing hat for 168 gold pieces
  4809 | D:7      | Reached skill level 3 in Throwing
  5040 | D:8      | Reached skill level 3 in Evocations
  5212 | D:8      | Reached skill level 6 in Fighting
  5247 | D:8      | Reached skill level 4 in Shields
  5497 | D:8      | Noticed Psyche
  5513 | D:8      | Reached XP level 10. HP: 74/98 MP: 9/9
  5528 | D:8      | Killed Psyche
  5529 | D:8      | Reached skill level 5 in Shields
  5619 | D:8      | You add the spells Haunt and Infestation to your library.
  5894 | D:9      | Reached skill level 12 in Unarmed Combat
  5911 | D:9      | Found a staircase to the Orcish Mines.
  6084 | D:9      | Reached skill level 7 in Fighting
  6113 | D:9      | Found a staircase to the Lair.
  6379 | D:9      | Reached skill level 8 in Fighting
  6407 | D:9      | Reached XP level 11. HP: 66/111 MP: 10/10
  6575 | D:9      | Reached skill level 4 in Throwing
  6760 | D:10     | Entered Level 10 of the Dungeon
  6760 | D:10     | Noticed a two-headed ogre
  6892 | D:2      | Killed Sigmund
  7241 | D:5      | Found a staircase to the Ecumenical Temple.
  7248 | D:5      | Killed Duvessa
  7517 | D:5      | Found Yzimocae's Distillery.
  7672 | D:6      | You add the spells Tukima's Dance, Portal Projectile and
                  | Blade Hands to your library.
  7768 | D:9      | Found an iron altar of Okawaru.
  8206 | D:10     | Killed a two-headed ogre
  8292 | D:10     | Found a shimmering altar of Xom.
  8295 | D:10     | Found an ancient bone altar of Kikubaaqudgha.
  8300 | D:10     | Found Pavath's General Store.
  8308 | D:10     | Bought 3 scrolls of identify for 90 gold pieces
  8308 | D:10     | Bought a potion of attraction for 45 gold pieces
  8571 | D:10     | Reached skill level 5 in Throwing
  8711 | D:10     | Noticed a two-headed ogre
  8718 | D:10     | Killed a two-headed ogre
  8719 | D:10     | Reached skill level 13 in Unarmed Combat
  9202 | Lair:1   | Entered Level 1 of the Lair of Beasts
  9404 | Lair:1   | magus.rc [v1.11.6]
  9404 | Lair:1   | magus.rc [v1.11.6]
  9666 | Lair:1   | Reached skill level 4 in Dodging
  9666 | Lair:1   | Noticed an ice dragon
  9744 | Lair:1   | Reached skill level 6 in Shields
  9891 | Lair:1   | Killed an ice dragon
  9999 | Lair:1   | Reached skill level 5 in Dodging
 10205 | Lair:1   | Reached skill level 7 in Shields
 10610 | Lair:1   | You add the spells Ozocubu's Refrigeration and Polar Vortex
                  | to your library.
 10672 | Lair:2   | Reached XP level 12. HP: 116/119 MP: 11/11
 10903 | Lair:2   | Reached skill level 8 in Shields
 11107 | Lair:2   | Noticed a six-headed hydra
 11249 | Lair:2   | Reached skill level 14 in Unarmed Combat
 11321 | Lair:1   | Killed a six-headed hydra
 11322 | Lair:1   | Reached skill level 1 in Armour
 11369 | Lair:2   | HP: 1/119 [water nymph/the raging water (33)]
 11475 | Lair:2   | Reached skill level 2 in Armour
 11554 | Lair:2   | Found a runed translucent door.
 11555 | Lair:2   | Noticed a vampire mage
 12006 | Lair:3   | Noticed a catoblepas
 12041 | Lair:3   | Killed a catoblepas
 12042 | Lair:3   | Reached skill level 9 in Fighting
 12239 | Lair:3   | Noticed a four-headed hydra
 12276 | Lair:2   | Reached skill level 3 in Armour
 12303 | Lair:3   | Found a shimmering altar of Xom.
 12373 | Lair:3   | You add the spells Petrify, Metabolic Englaciation and
                  | Statue Form to your library.
 12395 | Lair:3   | Reached skill level 6 in Dodging
 12415 | Lair:3   | Reached skill level 4 in Armour
 12482 | Lair:3   | Reached XP level 13. HP: 126/131 MP: 12/12
 12491 | Lair:3   | Reached skill level 7 in Dodging
 12953 | Lair:4   | Found a staircase to the Slime Pits.
 13257 | Lair:4   | Noticed Nessos
 13260 | Lair:4   | Nessos changed into Nessos the deep troll
 13260 | Lair:4   | Noticed Nessos
 13268 | Lair:4   | Killed Nessos the deep troll
 13814 | Lair:4   | Found a runed translucent gate.
 13814 | Lair:4   | Found a runed translucent gate.
 13814 | Lair:4   | Found a runed translucent gate.
 13816 | Lair:4   | Noticed Vufrucs's ghost (journeyman DrTm)
 14008 | Lair:5   | Entered Level 5 of the Lair of Beasts
 14021 | Lair:5   | Noticed Josephine
 14041 | Lair:4   | Killed Josephine
 14158 | Lair:5   | Noticed Urug
 14214 | Lair:5   | Reached skill level 4 in Evocations
 14222 | Lair:5   | Reached skill level 6 in Throwing
 14286 | Lair:4   | magus.rc [v1.11.6]
 14869 | Lair:5   | Killed Urug
 15554 | D:11     | You add the spell Alistair's Intoxication to your library.
 15617 | D:11     | Reached skill level 10 in Fighting
 15839 | D:11     | Reached skill level 5 in Evocations
 15902 | D:11     | Reached skill level 15 in Unarmed Combat
 16090 | D:11     | HP: 33/133 [very large slime creature (22)]
 16286 | D:11     | Reached skill level 7 in Throwing
 16507 | D:12     | Noticed Azrael
 16586 | D:11     | Killed Azrael
 16587 | D:11     | Reached XP level 14. HP: 143/143 MP: 13/13
 16652 | D:11     | Reached skill level 8 in Throwing
 17121 | D:12     | Noticed Fannar
 17141 | D:12     | Killed Fannar
 17297 | D:13     | Noticed Erolcha
 17313 | D:13     | Killed Erolcha
 17499 | D:13     | Identified the +0 scale mail of Defence {rCorr}
 17727 | D:13     | You add the spells Static Discharge and Wereblood to your
                  | library.
 17727 | D:13     | Got An Early Guide to Magic
 17750 | D:13     | Found Eclum's Jewellery Emporium.
 18260 | D:12     | magus.rc [v1.11.6]
 18336 | D:13     | Cextonum invites you to visit their Jewellery Shoppe.
 18338 | D:13     | Ulapy invites you to visit her Antique Armour Shoppe.
 18340 | D:13     | Guehen invites you to visit her Book Emporium.
 18834 | D:13     | Found Eclum's Jewellery Emporium.
 18869 | D:13     | Reached skill level 8 in Dodging
 19311 | D:13     | Found Guehen's Book Emporium.
 19313 | D:13     | Found Ulapy's Antique Armour Shoppe.
 19315 | D:13     | Found Cextonum's Jewellery Shoppe.
 19579 | D:14     | You add the spells Anguish, Cause Fear and Enfeeble to your
                  | library.
 19647 | D:14     | Reached skill level 11 in Fighting
 20309 | D:14     | Found a shadowy altar of Dithmenos.
 20575 | D:14     | Reached skill level 12 in Fighting
 20725 | D:14     | Found a gate to the Vaults.
 21177 | Lair:3   | Found a hole to the Spider Nest.
 21354 | Lair:4   | Killed Vufrucs's ghost
 22071 | Lair:5   | Reached XP level 15. HP: 101/158 MP: 14/14
 22152 | Lair:5   | Identified the +0 scale mail "Yxtathriz" {rPois rC+ rN+
                  | Dex+4}
 22987 | Lair:3   | Found a shimmering altar of Xom.
 23282 | Lair:3   | Found a hole to the Spider Nest.
 23892 | D:3      | Killed Crazy Yiuf
 24344 | D:15     | Entered Level 15 of the Dungeon
 24397 | D:15     | Found a staircase to the Depths.
 24398 | D:15     | Noticed a fire giant
 24555 | D:15     | Killed a fire giant
 24556 | D:15     | Reached skill level 16 in Unarmed Combat
 24665 | D:15     | Reached skill level 13 in Fighting
 24992 | D:15     | Reached skill level 9 in Throwing
 25596 | Orc:1    | Entered Level 1 of the Orcish Mines
 25969 | Orc:2    | Entered Level 2 of the Orcish Mines
 26328 | Orc:1    | Reached skill level 10 in Throwing
 26486 | Orc:1    | HP: 32/159 [orc knight/+2 great mace of protection (11)]
 26791 | Orc:2    | Found a staircase to the Elven Halls.
 26955 | Orc:2    | Reached skill level 5 in Armour
 27442 | Orc:2    | Found Uzoim's Magic Scroll Emporium.
 27444 | Orc:2    | Found Adoanile's Distillery.
 27444 | Orc:2    | Found Wathroafili's Distillery.
 27445 | Orc:2    | Found Ynuiseg's Antique Armour Emporium.
 27454 | Orc:2    | Bought 2 potions of haste for 340 gold pieces
 27455 | Orc:2    | Bought a scroll of teleportation for 54 gold pieces
 27455 | Orc:2    | Bought a scroll of teleportation for 54 gold pieces
 27455 | Orc:2    | Bought a scroll of acquirement for 936 gold pieces
 27459 | Orc:2    | Acquired the amulet of Vitality {RegenMP++ Regen++}
 27459 | Orc:2    | Found the amulet of Vitality {RegenMP++ Regen++}
 28195 | Spider:1 | Entered Level 1 of the Spider Nest
 28233 | Lair:3   | HP: 37/149 [jumping spider (2)]
 28238 | Lair:3   | HP: 34/149 [jumping spider (13)]
 28353 | Shoals:1 | Entered Level 1 of the Shoals
 28414 | Shoals:1 | Noticed Aizul
 28429 | Shoals:1 | Killed Aizul
 28601 | Shoals:1 | Reached skill level 6 in Armour
 28684 | Shoals:1 | magus.rc [v1.11.6]
 28767 | Shoals:1 | HP: 37/159 [poisoned by a merfolk impaler]
 28769 | Shoals:1 | HP: 18/159 [merfolk impaler/+1 trident of venom (15)]
 28774 | Shoals:1 | HP: 24/159 [poisoned by a merfolk impaler]
 28955 | Shoals:1 | Reached skill level 17 in Unarmed Combat
 29116 | Lair:2   | magus.rc [v1.11.6]
 29194 | Shoals:2 | Reached XP level 16. HP: 141/169 MP: 15/15
 29326 | Shoals:2 | Identified the +7 mace of Gozag {drain, Fragile rElec rC-
                  | rN+++}
 29431 | Shoals:2 | HP: 40/169 [faun/sling bullet[a satyr] (6)]
 29451 | Shoals:2 | HP: 29/169 [faun/+0 quarterstaff[a satyr] (18)]
 29460 | Shoals:2 | HP: 15/169 [faun/+0 quarterstaff[a satyr] (15)]
 29462 | Shoals:2 | HP: 5/169 [faun/+0 quarterstaff[a satyr] (14)]
 30246 | Shoals:1 | Reached skill level 1 in Stealth
 30280 | Shoals:2 | Reached skill level 18 in Unarmed Combat
 30532 | Shoals:2 | You add the spells Frozen Ramparts, Summon Ice Beast and
                  | Irradiate to your library.
 30532 | Shoals:2 | Got Sif Muna's Parchment of the Deep Freeze and Moulding
 30766 | Shoals:3 | Reached skill level 2 in Stealth
 30786 | Shoals:3 | Found Zyrchu's Magic Scroll Shoppe.
 30866 | Shoals:3 | Found Kane's Firing Range.
 31171 | Shoals:3 | Reached skill level 3 in Stealth
 31232 | Shoals:3 | Found a transporter.
 31369 | Shoals:3 | Found a transporter.
 31372 | Shoals:3 | Noticed dogaso222's ghost (adept DsGl)
 31538 | Shoals:3 | Bought a scroll of fog for 56 gold pieces
 31686 | Shoals:4 | Entered Level 4 of the Shoals
 31696 | Shoals:4 | Noticed Polyphemus
 31932 | Elf:1    | Entered Level 1 of the Elven Halls
 32047 | Elf:1    | Found Haeng's General Store.
 32047 | Elf:1    | You fall into a shaft and drop 1 floor!
 32269 | Elf:1    | Bought a wand of iceblast (4) for 172 gold pieces
 32397 | Elf:1    | You are cast into the Abyss!
 32397 | Abyss:2  | Cast into level 2 of the Abyss (a deep elf demonologist)
 33516 | Abyss:2  | Found a corrupted altar of Lugonu.
 33556 | Abyss:2  | Found a corrupted altar of Lugonu.
 33598 | Abyss:2  | Reached skill level 9 in Shields
 33598 | Abyss:2  | Reached skill level 6 in Evocations
 33683 | Abyss:2  | Found a corrupted altar of Lugonu.
 33693 | Abyss:2  | Noticed a bone dragon
 33706 | Abyss:2  | Killed a bone dragon
 33739 | Abyss:2  | Reached skill level 10 in Shields
 33762 | Elf:1    | You pass through the gate.
 33762 | Elf:1    | Escaped the Abyss
 33838 | Elf:1    | You add the spells Spellforged Servitor and Dragon's Call
                  | to your library.
 33838 | Elf:1    | Got the Annotations on Summoning
 33972 | Elf:1    | Noticed a Hell Sentinel
 34059 | Elf:2    | Found Gyek's CLEARANCE SALE!.
 34190 | Elf:2    | You add the spells Summon Forest, Eringya's Noxious Bog and
                  | Summon Hydra to your library.
 34258 | Elf:2    | Reached XP level 17. HP: 179/179 MP: 16/16
 34283 | Elf:2    | HP: 38/179 [deep elf zephyrmancer/bolt of lightning (16)]
 34288 | Elf:2    | HP: 49/268 [something/shard of ice (26)]
 34503 | Elf:2    | Reached skill level 14 in Fighting
 34536 | Elf:2    | Noticed a Tzitzimitl
 34881 | Elf:2    | Found a large runed translucent door.
 34881 | Elf:2    | Found a large runed translucent door.
 34884 | Elf:2    | Noticed Opsifuid's ghost (journeyman BaBe)
 34981 | Elf:2    | Found a runed translucent gate.
 34992 | Elf:2    | Found a runed translucent gate.
 34992 | Elf:2    | Found a runed translucent gate.
 35648 | Spider:1 | HP: 28/182 [boulder beetle (20)]
 35652 | Spider:1 | Noticed Kirke
 35905 | Lair:3   | Killed Kirke
 36410 | Spider:1 | Reached skill level 15 in Fighting
 37292 | Spider:2 | Reached skill level 9 in Dodging
 38322 | Spider:2 | You fall into a shaft and drop 1 floor!
 38322 | Spider:3 | Noticed Asterion
 38344 | Spider:3 | HP: 44/176 [Executioner[Asterion] (5)]
 38352 | Spider:3 | Reached skill level 10 in Dodging
 38380 | Spider:3 | HP: 39/169 [Asterion/+1 spectral broad axe (39)]
 38381 | Spider:3 | Blown up by a cacodemon

Vanquished Creatures
  A bone dragon (Abyss:2)
  Kirke (Lair:3)
  A ghost moth (Spider:2)
  A fire giant (D:15)
  A deep elf sorcerer (Abyss:2)
  Aizul (Shoals:1)
  A broodmother (Spider:1)
  3 deep elf demonologists
  The ghost of Vufrucs the Grappler, a journeyman DrTm of Wu Jian (Lair:4)
  Azrael (D:11)
  A starcursed mass (Abyss:2)
  2 merfolk impalers (Shoals:1)
  2 entropy weavers
  Josephine (Lair:4)
  Fannar (D:12)
  Erolcha (D:13)
  6 hydras
  A vault guard (D:13)
  An ogre mage (D:14)
  An ice dragon (Lair:1)
  3 merfolk avatars
  5 catoblepae
  5 centaur warriors
  A death knight (D:14)
  2 merfolk aquamancers
  5 boulder beetles
  2 jorogumos
  2 alligator snapping turtles
  4 two-headed ogres
  9 dancing weapons
  7 death yaks
  3 satyrs
  4 tengu warriors
  A vampire mage (Lair:2)
  4 thrashing horrors (Abyss:2)
  6 orc high priests
  Urug (Lair:5)
  6 deep elf knights
  A soul eater (D:12)
  A sun demon (D:11)
  2 fire crabs
  A sixfirhy (D:12)
  3 skysharks
  5 skeletal warriors
  3 wretched stars (Abyss:2)
  7 pharaoh ants
  A deep troll (Lair:4)
  2 sun moths
  4 sea snakes
  3 orb spiders
  4 slime creatures (D:11)
  3 deep elf archers (Elf:2)
  A steelbarb worm (Spider:1)
  Pikel (D:5)
  2 lindwurms (Lair:5)
  5 harpies (Shoals:1)
  11 orc knights
  13 deep elf zephyrmancers
  16 deep elf pyromancers
  10 wolf spiders
  2 orc sorcerers
  8 ugly things
  10 cyclopes
  14 fauns
  7 manticores
  7 elephants
  4 black mambas
  A worldbinder (Abyss:2)
  Joseph (D:7)
  3 merfolk sirens
  An ice statue (Lair:1)
  3 water nymphs
  3 torpor snails
  4 demonic crawlers
  An orange demon (Abyss:2)
  A gargoyle (D:13)
  Psyche (D:8)
  A cane toad (shapeshifter) (D:14)
  4 cane toads
  8 rime drakes
  2 kobold demonologists
  A freezing wraith (D:14)
  Maggie (D:7)
  5 efreet
  9 komodo dragons
  2 tengu conjurers
  An anaconda simulacrum (Lair:1)
  19 merfolk
  A queen bee (Spider:2)
  A red devil (D:12)
  6 meliai
  13 tarantellas
  10 snapping turtles
  8 trolls
  A polar bear (Lair:1)
  8 blink frogs
  9 dream sheep
  4 flying skulls (Abyss:2)
  17 jumping spiders
  Sigmund (D:2)
  4 wraiths
  Eustachio (D:4)
  3 shadows
  A vampire (D:11)
  A dire elephant simulacrum (Lair:1)
  A ynoxinul (D:12)
  16 culicivoras
  6 wyverns
  4 water elementals
  2 fire bats (Shoals:2)
  A fire elemental (D:11)
  3 hogs
  A human (Lair:2)
  54 yaks
  14 vampire mosquitoes
  7 basilisks
  A steam dragon (D:8)
  A large abomination (Abyss:2)
  A death yak simulacrum (Lair:1)
  2 chaos spawn
  33 redbacks
  A warg (D:15)
  An acid dragon (D:10)
  3 hell hounds
  10 water moccasins
  Duvessa (D:5)
  41 orc warriors
  A sky beast (D:7)
  3 black bears
  A boggart (D:14)
  8 wolves
  An ogre (D:5)
  9 centaurs
  3 lemures (D:5)
  A kobold brigand (D:12)
  11 bullfrogs
  4 scorpions
  An earth elemental (Elf:2)
  A gnoll sergeant (D:6)
  13 wights
  Dowan (D:6)
  37 killer bees
  2 howler monkeys
  3 electric eels (D:9)
  6 hounds
  4 jellies
  A gnoll bouda (Orc:1)
  A quasit (D:12)
  30 orc priests
  Crazy Yiuf (D:3)
  Jessica (D:3)
  A sleepcap (D:5)
  6 iguanas
  22 orc wizards
  A polar bear simulacrum (Lair:1)
  2 spriggan simulacra (Lair:1)
  A wolf simulacrum (Lair:1)
  Robin (D:2)
  15 gnolls
  8 adders
  2 white imps
  An ufetubus (Abyss:2)
  2 dart slugs
  71 orcs
  6 endoplasms
  A giant cockroach (D:3)
  6 hobgoblins
  4 jackals (D:2)
  14 kobolds
  3 quokkas
  3 training dummies (Shoals:3)
  6 ball pythons
  14 bats
  5 frilled lizards
  11 goblins
  11 rats
976 creatures vanquished.

Vanquished Creatures (others)
  A manticore (D:14)
  3 humans (Spider:1)
  A steam dragon (D:8)
  An orc wizard (Orc:2)
  6 demonic plants (D:12)
  36 fungi
  53 plants
101 creatures vanquished.

Grand Total: 1077 creatures vanquished

Table legend:
 A = Non-vault XP
 B = Vault XP
 C = Vault XP percentage of total XP
 D = Non-vault monster count
 E = Vault monster count
 F = Vault count percentage of total count
                 A         B        C        D         E       F
            +---------+---------+-------+---------+---------+-------
      Total |  200987 |   74931 |  27.2 |     721 |     254 |  26.1
            +---------+---------+-------+---------+---------+-------
        D:1 |      71 |       3 |   4.1 |      31 |       2 |   6.1
        D:2 |      60 |     280 |  82.4 |      24 |      14 |  36.8
        D:3 |      63 |      89 |  58.6 |      18 |       3 |  14.3
        D:4 |     311 |     214 |  40.8 |      14 |       1 |   6.7
        D:5 |     354 |     793 |  69.1 |       9 |       2 |  18.2
        D:6 |     928 |     306 |  24.8 |      20 |       6 |  23.1
        D:7 |     758 |     836 |  52.4 |      17 |       2 |  10.5
        D:8 |    2879 |     562 |  16.3 |      38 |       3 |   7.3
        D:9 |    3214 |    1183 |  26.9 |      26 |      11 |  29.7
       D:10 |    2593 |       0 |   0.0 |      13 |       0 |   0.0
       D:11 |    7664 |    2442 |  24.2 |      25 |       6 |  19.4
       D:12 |    4899 |    3136 |  39.0 |      13 |       7 |  35.0
       D:13 |    3605 |    3118 |  46.4 |       8 |       5 |  38.5
       D:14 |    8816 |    6122 |  41.0 |      21 |      12 |  36.4
       D:15 |   10921 |    1217 |  10.0 |      29 |       1 |   3.3
     Lair:1 |    3831 |    3961 |  50.8 |      14 |      15 |  51.7
     Lair:2 |    4847 |    2255 |  31.8 |      25 |       5 |  16.7
     Lair:3 |   17691 |    3543 |  16.7 |      55 |       7 |  11.3
     Lair:4 |    4602 |    2696 |  36.9 |       9 |       3 |  25.0
     Lair:5 |    7877 |   12265 |  60.9 |      18 |      27 |  60.0
   Shoals:1 |   11752 |    1964 |  14.3 |      22 |       2 |   8.3
   Shoals:2 |   14187 |    4090 |  22.4 |      30 |       9 |  23.1
   Shoals:3 |    9412 |       6 |   0.1 |      19 |       3 |  13.6
   Shoals:4 |     816 |       0 |   0.0 |       3 |       0 |   0.0
   Spider:1 |   15088 |     196 |   1.3 |      44 |       1 |   2.2
   Spider:2 |   19134 |    2531 |  11.7 |      56 |      25 |  30.9
   Spider:3 |     984 |       0 |   0.0 |       2 |       0 |   0.0
      Orc:1 |    4104 |    5333 |  56.5 |      36 |      18 |  33.3
      Orc:2 |    1273 |    7541 |  85.6 |      19 |      53 |  73.6
      Elf:1 |    8832 |    4146 |  31.9 |      17 |       6 |  26.1
      Elf:2 |   17246 |    4103 |  19.2 |      26 |       5 |  16.1
    Abyss:2 |   12175 |       0 |   0.0 |      20 |       0 |   0.0
            +---------+---------+-------+---------+---------+-------

Skill      XL: |  1  2  3  4  5  6  7  8  9 10 11 12 13 14 15 16 17 |
---------------+----------------------------------------------------+-----
Unarmed Combat | 3 4 5 6 7 9 10 11 12 13 14 15 17 18 | 18.0
Throwing       | 2 3 5 7 8 10 | 10.0
Fighting       | 4 6 8 9 10 12 13 15 | 15.0
Evocations     | 2 3 5 6 |  6.0
Shields        | 3 4 5 7 8 10 | 10.0
Dodging        | 3 5 6 7 8 10 | 10.0
Armour         | 4 6 |  6.0
Stealth        | 3 |  3.8

Action                     |  1- 3 |  4- 6 |  7- 9 | 10-12 | 13-15 | 16-18 || total
---------------------------+-------+-------+-------+-------+-------+-------++-------
  Melee: Unarmed           |   119 |   182 |   261 |   613 |  1355 |  1078 ||  3608
  Throw: Dart              |       |       |     9 |     1 |    14 |       ||    24
         Large rock        |       |       |       |       |    27 |     4 ||    31
 Invoke: Call Merchant     |       |       |       |       |     3 |       ||     3
         Potion Petition   |       |       |       |       |     1 |     4 ||     5
  Evoke: Wand              |       |       |     7 |    25 |    12 |     3 ||    47
         Box of beasts     |       |       |       |       |       |     1 ||     1
    Use: Scroll            |     2 |     4 |     4 |    17 |     9 |     5 ||    41
         Potion            |       |     2 |       |     4 |     8 |     6 ||    20
   Stab: Sleeping          |       |     1 |     1 |     1 |     1 |     3 ||     7
         Distracted        |       |       |     1 |     4 |     2 |     6 ||    13
         Petrified         |       |       |       |     7 |       |       ||     7
         Paralysed         |       |       |       |       |       |     2 ||     2
 Armour: Robe              |    35 |    59 |    43 |   149 |   306 |   239 ||   831
         Skin              |       |       |       |     1 |       |    23 ||    24
  Dodge: Dodged            |    31 |    54 |    85 |   210 |   595 |   392 ||  1367
  Block: Kite shield       |    36 |    50 |    91 |   244 |   613 |   463 ||  1497

Illustrated notes

Table legend:
 A = Kills in this place as a percentage of kills in the entire game.
 B = Kills by you in this place as a percentage of kills by you in the entire game.
 C = Kills by friends in this place as a percentage of kills by friends in the entire game.
 D = Other kills in this place as a percentage of other kills in the entire game.
 E = Experience gained in this place as a percentage of experience gained in the entire game.
 F = Experience gained in this place divided by the number of levels of this place that you have seen.
                   A       B       C       D       E      F
               +-------+-------+-------+-------+-------+----------------------
         Total | 100.0 | 100.0 |   N/A | 100.0 | 100.0 | 8361.2
       Dungeon |  39.1 |  39.1 |   N/A |  50.0 |  24.4 | 4495.8
          Lair |  18.3 |  18.3 |   N/A |   0.0 |  23.0 | 12713.6
        Shoals |   9.0 |   9.0 |   N/A |   0.0 |  15.3 | 10556.8
   Spider Nest |  13.1 |  13.2 |   N/A |   0.0 |  13.7 | 12644.3
  Orcish Mines |  12.9 |  12.8 |   N/A |  50.0 |   6.6 | 9125.5
   Elven Halls |   5.5 |   5.5 |   N/A |   0.0 |  12.4 | 17163.5
         Abyss |   2.1 |   2.1 |   N/A |   0.0 |   4.4 | 12175.0
               +-------+-------+-------+-------+-------+----------------------

Table legend: (Time is in decaauts)
 A = Elapsed time spent in this place.
 B = Non-inter-level travel time spent in this place.
 C = Inter-level travel time spent in this place.
 D = Time resting spent in this place.
 E = Time spent auto-exploring this place.
 F = Levels seen in this place.
 G = Mean time per level.
                   A        B        C        D        E       F      G
               +--------+--------+--------+--------+--------+-----+--------+
         Total |  37907 |  34995 |   2912 |   5678 |  16124 |  33 | 1148.7 |
       Dungeon |  16867 |  15338 |   1529 |   1689 |   8389 |  15 | 1124.5 |
        Temple |    199 |    176 |     23 |      0 |    160 |   1 |  199.0 |
          Lair |   9484 |   8592 |    892 |   1134 |   4325 |   5 | 1896.8 |
        Shoals |   3391 |   3217 |    174 |    543 |    788 |   4 |  847.8 |
   Spider Nest |   2448 |   2440 |      8 |    555 |    543 |   3 |  816.0 |
  Orcish Mines |   2350 |   2160 |    190 |    388 |   1025 |   2 | 1175.0 |
   Elven Halls |   1806 |   1712 |     94 |    203 |    894 |   2 |  903.0 |
         Abyss |   1359 |   1359 |      0 |   1165 |      0 |   1 | 1359.0 |
               +--------+--------+--------+--------+--------+-----+--------+

Top non-repeatable levels by time:
  Lair:3: 2599 daAuts
    D:13: 2441 daAuts
  Lair:5: 2063 daAuts
  Lair:1: 1851 daAuts
     D:9: 1829 daAuts
  Lair:4: 1498 daAuts
  Lair:2: 1471 daAuts
Shoals:2: 1457 daAuts
Spider:1: 1369 daAuts
 Abyss:2: 1359 daAuts
    D:14: 1331 daAuts
   Orc:2: 1253 daAuts
    D:15: 1144 daAuts
    D:10: 1126 daAuts
   Orc:1: 1096 daAuts
